 Dungeon Crawl Stone Soup version 0.24.0-2-g5b39cebb1c (webtiles) character file.

Game seed: 14053903885710756811, levelgen mode: deterministic

1608 Mrkan the Cudgeler (level 8, -5/51 HPs)
             Began as a Gargoyle Fighter on Oct 29, 2019.
             Was an Initiate of Makhleb.
             Killed from afar by an orc wizard (9 damage)
             ... with a puff of frost
             ... on level 6 of the Dungeon.
             The game lasted 00:10:57 (5465 turns).

Mrkan the Cudgeler (Gargoyle Fighter)               Turns: 5465, Time: 00:10:58

Health: -5/51      AC: 20    Str: 24    XL:     8   Next: 95%
Magic:  8/8        EV:  5    Int: 15    God:    Makhleb [......]
Gold:   257        SH: 10    Dex: 11    Spells: 7/7 levels left

rFire    . . .     SeeInvis .   a - +0 flail
rCold    . . .     Gourm    .   c - +0 shield
rNeg     + . .     Faith    .   E - +0 plate armour
rPois    ∞         Spirit   .   (no helmet)
rElec    +         Reflect  .   (no cloak)
rCorr    +         Harm     .   (no gloves)
MR       .....                  u - +1 pair of boots
Stlth    ..........             B - amulet of the acrobat
HPRegen  0.17/turn              x - ring of resist corrosion
MPRegen  0.11/turn              (no ring)

@: mighty, brilliant
A: negative energy resistance 1, electricity resistance, unbreathing,
petrification resistance, rot immunity, AC +5
a: Renounce Religion


You were on level 6 of the Dungeon.
You worshipped Makhleb.
Makhleb was noncommittal.
You were not hungry.

You visited 2 branches of the dungeon, and saw 7 of its levels.

You collected 333 gold pieces.
You spent 76 gold pieces at shops.

Inventory:

Hand Weapons
 a - a +0 flail (weapon)
Armour
 c - a +0 shield (worn)
 u - a +1 pair of boots (worn)
 E - a +0 plate armour (worn)
Jewellery
 x - a ring of resist corrosion (left hand)
 B - an amulet of the acrobat (around neck)
 D - a cursed -2 ring of strength {unknown}
Wands
 v - a wand of scattershot (2)
 y - a wand of flame (20)
Scrolls
 k - 3 scrolls of remove curse {unknown}
 l - 3 scrolls of amnesia {unknown}
 m - a scroll of fog {unknown}
 n - 4 scrolls of identify
 q - 4 scrolls of immolation {unknown}
 r - 2 scrolls of enchant armour {unknown}
 z - a scroll of fear {unknown}
 A - a scroll of random uselessness {unknown}
Potions
 e - 5 potions of curing
 g - 4 potions of brilliance
 h - a potion of flight {unknown}
 i - 4 potions of mutation {unknown}
 j - a potion of lignification {unknown}
 o - 2 potions of agility {unknown}
 p - 2 potions of berserk rage {unknown}
 s - 6 potions of heal wounds {unknown}
 t - 3 potions of degeneration {unknown}
 w - 2 potions of magic {unknown}
Comestibles
 b - 3 chunks of flesh
 f - 13 rations


   Skills:
 + Level 6.3 Fighting
 * Level 7.2 Maces & Flails
 + Level 6.2 Armour
 + Level 6.2 Shields


You had 7 spell levels left.
You didn't know any spells.
Your spell library was empty.

Dungeon Overview and Level Annotations

Branches:
Dungeon (6/15)             Temple (1/1) D:4

Altars:
Ashenzari
Cheibriados
Dithmenos
Elyvilon
Fedhas
Gozag
Hepliaklqana
Kikubaaqudgha
Makhleb
Qazlal
Ru
Sif Muna
Trog
Uskayaw
Vehumet
Wu Jian
Xom
Yredelemnul
Zin
The Shining One

Shops:
D:5 *=*


Innate Abilities, Weirdness & Mutations

You are resistant to torment.
Your stone body is resilient. (AC +5)
You are immune to poison.
You resist negative energy. (rN+)
You are resistant to electric shocks. (rElec)
You can survive without breathing.
You are immune to petrification.
You are immune to rotting.


Message History

Beogh smites you!
* * * LOW HITPOINT WARNING * * *
You closely miss the orc warrior.
The orc warrior is almost dead.
You block the orc warrior's attack.
You barely miss the orc warrior.
The orc warrior is almost dead.
The orc warrior barely misses you.
You thump the orc warrior!
You kill the orc warrior!
Makhleb accepts your kill.
The crimson imp blinks!
Unknown command.
Unknown command.
It was a potion of brilliance.
You feel clever all of a sudden.
You hear some strange, mumbled words.
A puff of frost appears from out of thin air!
The puff of frost hits you!
You die...

........# ## # .......# #≈ #
## ..o...# #≈ # #.. o... #
### #...##.##### ≈# #..
#........##≈# ###
####.#..##≈###### #### ###
##.#.o#≈##≈?(P. #...
....##..#..#@#≈≈!≈≈. ##...
........o..#)#;.(... #....
.......5.o.#o#;≈≈P.. #....
..........§#o##≈.≈P. #....
........###...######## ##....
...#.#....##.##......###.....
....................###......
.....................#.......
.........)....##...........#


You could see 2 electric eels, an orc priest and an orc.

Vanquished Creatures
  Grinder (D:3)
  Sigmund (D:4)
  2 orc warriors (D:6)
  2 phantoms
  An ogre (D:4)
  A centaur (D:5)
  Blork the orc (D:4)
  2 bullfrogs (D:6)
  A scorpion (D:6)
  A bullfrog skeleton (D:6)
  2 jellies
  A hound (D:4)
  An orc priest (D:6)
  An iguana (D:4)
  Ijyb (D:3)
  4 worker ants
  8 adders
  An ooze (D:2)
  A worm (D:5)
  2 dart slugs (D:3)
  5 leopard geckos
  8 orcs
  8 bats
  5 giant cockroaches
  4 goblins
  8 hobgoblins
  12 jackals
  3 quokkas
  2 ball pythons
  7 frilled lizards
  9 kobolds
  A quokka skeleton (D:4)
  3 rats
110 creatures vanquished.

Vanquished Creatures (others)
  A hobgoblin (D:3)
1 creature vanquished.

Grand Total: 111 creatures vanquished

Notes
Turn   | Place    | Note
-------+----------+-------------------------------------------
     0 | D:1      | Mrkan the Gargoyle Fighter began the quest for the Orb.
     0 | D:1      | Reached XP level 1. HP: 14/14 MP: 1/1
   324 | D:1      | Reached XP level 2. HP: 19/19 MP: 2/2
   855 | D:2      | Reached XP level 3. HP: 12/23 MP: 3/3
  1269 | D:2      | Reached skill level 3 in Maces & Flails
  1269 | D:2      | Reached XP level 4. HP: 16/29 MP: 4/4
  2313 | D:3      | Reached XP level 5. HP: 33/33 MP: 5/5
  2327 | D:3      | Noticed Ijyb
  2342 | D:3      | Killed Ijyb
  2431 | D:3      | Found a snail-covered altar of Cheibriados.
  2505 | D:3      | Noticed Grinder
  2507 | D:3      | Paralysed by Grinder for 2 turns
  2518 | D:3      | Paralysed by Grinder for 3 turns
  2538 | D:3      | Paralysed by Grinder for 3 turns
  2547 | D:3      | Paralysed by Grinder for 6 turns
  2557 | D:3      | Paralysed by Grinder for 2 turns
  2566 | D:3      | Killed Grinder
  2566 | D:3      | Reached skill level 4 in Maces & Flails
  2566 | D:3      | Reached XP level 6. HP: 12/39 MP: 6/6
  3134 | D:4      | Noticed Blork the orc
  3148 | D:4      | Killed Blork the orc
  3148 | D:4      | Reached XP level 7. HP: 32/44 MP: 7/7
  3206 | D:4      | Reached skill level 5 in Maces & Flails
  3416 | D:4      | Reached skill level 5 in Fighting
  3416 | D:4      | Reached skill level 5 in Armour
  3436 | D:4      | Reached skill level 5 in Shields
  3509 | D:4      | Found a staircase to the Ecumenical Temple.
  3544 | Temple   | Entered the Ecumenical Temple
  3684 | Temple   | Became a worshipper of Makhleb the Destroyer
  3724 | D:4      | Found an opulent altar of Gozag.
  3894 | D:4      | Noticed Sigmund
  3905 | D:4      | Killed Sigmund
  3980 | D:5      | Entered Level 5 of the Dungeon
  4010 | D:5      | Reached XP level 8. HP: 50/50 MP: 8/8
  4026 | D:5      | Found Zyuloow's Jewellery Emporium.
  4147 | D:5      | Found Niloplull's Assorted Antiques.
  4155 | D:5      | Bought a scroll labeled MESONA NUAHOLO for 26 gold pieces
  4155 | D:5      | Bought a scroll labeled NEMNEYRHEI for 26 gold pieces
  4311 | D:5      | Reached skill level 6 in Maces & Flails
  4542 | D:5      | Found Qereytaf's General Store.
  4546 | D:5      | Bought a scroll of identify for 24 gold pieces
  5371 | D:6      | Reached skill level 7 in Maces & Flails
  5465 | D:6      | Killed from afar by an orc wizard

Levels and vault maps discovered:
D:1:      scummos_arrival_simple_crosswalls, layout_basic
D:2:      layout_loops_corners, first_ration, chequers_mini_garden
D:3:      layout_rooms, lemuel_round_altar, serial_corexii_hall,
          chequers_hall_statues_wall_a, corexii_hall_statues_i,
          chequers_hall_statues_wall_a, uniq_ijyb, uniq_grinder
D:4:      layout_basic, grunt_gozag_statues, minmay_temple_entry_statues,
          uniq_sigmund, uniq_blork_the_orc
D:5:      layout_cave_pods, serial_shops, shop, kennysheep_mini_moat, shop
D:6:      cheibrodos_two_vegetables, layout_rooms, gammafunk_ghost_necromancy,
          kennysheep_generic_room_8
Temple:   compressed_dpeg_circular_temple

Skill      XL: |  1  2  3  4  5  6  7  8 |
---------------+-------------------------+-----
Maces & Flails | 3 4 5 7 |  7.2
Fighting       | 4 5 6 |  6.3
Armour         | 4 5 6 |  6.2
Shields        | 4 5 6 |  6.2

Action                   |  1- 3 |  4- 6 |  7- 9 || total
-------------------------+-------+-------+-------++-------
Melee: Flail             |   104 |   179 |   238 ||   521
  Use: Potion            |       |     2 |     4 ||     6
       Scroll            |       |       |     1 ||     1
  Eat: Chunk             |     1 |     7 |     7 ||    15
Armor: Scale mail        |    69 |   126 |    82 ||   277
       Plate armour      |       |       |    33 ||    33
Dodge: Dodged            |    41 |    78 |    58 ||   177
Block: Shield            |    82 |   115 |   133 ||   330
